 Dungeon Crawl Stone Soup version 0.16.0-18-g484a79e (webtiles) character file.

160 sugabear the Shield-Bearer (level 5, -9/33 HPs)
             Began as a Gargoyle Fighter on Mar 22, 2015.
             Killed by nerve-wracking pain
             ... invoked by Jessica
              (12 damage)
             ... on level 3 of the Dungeon.
             The game lasted 00:02:38 (2236 turns).

sugabear the Shield-Bearer (Gargoyle Fighter)       Turns: 2236, Time: 00:02:39

Health: -9/33      AC: 11    Str: 20    XL:     5   Next: 41%
Magic:  5/5        EV:  8    Int:  9    God:
Gold:   146        SH:  9    Dex:  9    Spells: 0 memorised, 4 levels left

rFire  . . .     SeeInvis .     a - +0 war axe
rCold  . . .     Clarity  .     b - +0 scale mail
rNeg   + . .     SustAb   .     c - +0 shield
rPois  ∞         Gourm    .     (no helmet)
rElec  +         Spirit   .     (no cloak)
rCorr  .         Warding  .     (no gloves)
rMut   .         Stasis   .     (no boots)
MR     .....                    (no amulet)
Stlth  ..........               (no ring)
                                (no ring)

@: not resistant to hostile enchantments, extremely unstealthy
A: negative energy resistance 1, electricity resistance, unbreathing,
petrification resistance, rot immunity, AC +4
a: no special abilities


You were on level 3 of the Dungeon.
You were hungry.

You visited 1 branch of the dungeon, and saw 3 of its levels.

You collected 146 gold pieces.

Inventory:

Hand weapons
 a - a +0 war axe (weapon)
Armour
 b - a +0 scale mail (worn)
 c - a +0 shield (worn)
Scrolls
 f - a scroll of remove curse {unknown}
 h - a scroll of fog {unknown}
 i - a scroll of teleportation {unknown}
 n - a scroll of noise {unknown}
 p - a scroll of amnesia {unknown}
Potions
 e - a potion of might
 g - 2 potions of heal wounds {unknown}
 k - a potion of brilliance {unknown}
 l - a potion of ambrosia {unknown}
 m - 2 potions of restore abilities {unknown}
Comestibles
 d - 4 bread rations
 j - a royal jelly
 o - 2 chunks of flesh


   Skills:
 + Level 4.1 Fighting
 + Level 2.6 Axes
 + Level 4.0 Armour
 + Level 1.4 Dodging
 + Level 4.3 Shields


You had 4 spell levels left.
You didn't know any spells.

Dungeon Overview and Level Annotations

Branches:
Dungeon (3/15)

Altars:

Annotations:
D:3 Jessica


Innate Abilities, Weirdness & Mutations

You are resistant to torment.
You are immune to poison.
Your stone body is very resilient (AC +4).
You resist negative energy.
You are resistant to electric shocks.
You can survive without breathing.
You are immune to petrification.
You are immune to rotting.


Message History

You closely miss the orc.
The orc is moderately wounded.
You closely miss the giant newt. Jessica hits you but does no damage.
You block the giant newt's attack. The orc barely misses you.
Jessica grins evilly.
You block Jessica's attack. The orc completely misses you.
The giant newt bites you but does no damage.
You barely miss Jessica.
Jessica is severely wounded.
You slash the giant newt!
You kill the giant newt!
You barely miss the orc. You hit the orc.
The orc is heavily wounded.
You block Jessica's attack. The orc hits you but does no damage.
You block Jessica's attack. The orc closely misses you.
The orc hits you with a morningstar.
* * * LOW HITPOINT WARNING * * *
Jessica casts a spell at you. Pain shoots through your body!
You die...

.........
...........
#..........
#........(
#......?. .#
#.......#+###.#
#.....))....#.##
#.....o).......#
#.....o@@......#
#........$.....#
#...........#.##
##########..#.#
##.#.# #...#
####..#######...
#...............
#.##..#######...


You could see Jessica and 2 orcs.

Vanquished Creatures
  An orc wizard (D:3)
  2 gnolls (D:1)
  5 adders (D:2)
  A worm (D:2)
  A giant mite (D:2)
  A giant gecko (D:1)
  An ooze (D:1)
  5 orcs (D:3)
  A ball python (D:2)
  A giant cockroach (D:2)
  8 hobgoblins
  2 kobolds
  2 quokkas
  2 bats
  2 giant newts
  10 goblins
  9 rats
54 creatures vanquished.

Notes
Turn   | Place    | Note
--------------------------------------------------------------
     0 | D:1      | sugabear, the Gargoyle Fighter, began the quest for the Orb.
     0 | D:1      | Reached XP level 1. HP: 14/14 MP: 1/1
   257 | D:1      | Reached XP level 2. HP: 17/19 MP: 2/2
   597 | D:1      | Reached XP level 3. HP: 21/24 MP: 3/3
  1078 | D:2      | Reached skill level 1 in Dodging
  1113 | D:2      | Reached XP level 4. HP: 29/29 MP: 4/4
  1246 | D:2      | Reached skill level 4 in Shields
  2044 | D:2      | Reached XP level 5. HP: 33/33 MP: 5/5
  2222 | D:3      | Noticed Jessica
  2236 | D:3      | Killed from afar by Jessica

Action                   |  1- 3 |  4- 6 || total
-------------------------+-------+-------++-------
Melee: War axe           |   103 |    76 ||   179
  Eat: Chunk             |     1 |     3 ||     4
